 Dungeon Crawl Stone Soup version 0.27-a0-1359-ga2a4dfd6fd (webtiles) character file.

Game seed: 10656440565820019411

9279 robertstho the Cleaver (level 11, -8/95 HPs)
             Began as a Minotaur Berserker on June 28, 2021.
             Was an Elder of Trog.
             Succumbed to a death drake's dark miasma
             ... on level 10 of the Dungeon.
             The game lasted 00:13:01 (8869 turns).

robertstho the Cleaver (Minotaur Berserker)         Turns: 8869, Time: 00:13:02

Health: -8/95      AC: 39    Str: 30    XL:     11   Next: 21%
Magic:  10/10      EV:  7    Int:  5    God:    Trog [****..]
Gold:   283        SH: 19    Dex: 10    Spells: 10/10 levels left

rFire    . . .     SeeInvis .   h - +1 war axe
rCold    . . .     Faith    .   f - +0 tower shield
rNeg     . . .     Spirit   .   m - +27 Lear's hauberk
rPois    .         Reflect  .   (helmet currently unavailable)
rElec    .         Harm     .   l - +0 cloak
rCorr    .         Rampage  .   (gloves currently unavailable)
Will     ++...                  (boots currently unavailable)
Stlth    ..........             a - amulet of the acrobat
HPRegen  1.25/turn              i - +6 ring of strength
MPRegen  0.12/turn              (no ring)

@: lethally poisoned (-8 -> -55), strong-willed, on berserk cooldown,
regenerating, slowed, very slow
A: horns 2, retaliatory headbutt
a: Renounce Religion, Berserk, Trog's Hand, Brothers in Arms


You were on level 10 of the Dungeon.
You worshipped Trog.
Trog was greatly pleased with you.
You visited 1 branch of the dungeon, and saw 10 of its levels.

You collected 542 gold pieces.
You spent 259 gold pieces at shops.

Inventory:

Hand Weapons
 h - a +1 war axe (weapon)
 H - a +2 scimitar of flaming
Missiles
 g - a throwing net
 G - a curare-tipped dart
Armour
 f - a +0 tower shield (worn)
 l - a +0 cloak (worn)
 m - the +27 Lear's hauberk (worn)
   (You found it on level 4 of the Dungeon)
 t - a +1 ring mail of fire resistance
Jewellery
 a - an amulet of the acrobat (around neck)
 i - a +6 ring of strength (left hand)
 x - a ring of positive energy
Wands
 q - a wand of polymorph (7)
 A - a wand of iceblast (10)
 E - a wand of flame (13)
 F - a wand of paralysis (12)
Scrolls
 k - 3 scrolls of teleportation
 n - a scroll of enchant weapon
 u - a scroll of fog
 v - 2 scrolls of magic mapping
 w - a scroll of silence
 B - a scroll of enchant armour
 D - a scroll of immolation
Potions
 b - a potion of heal wounds
 c - 4 potions of curing
 d - 3 potions of ambrosia {unknown}
 e - a potion of flight {unknown}
 j - 2 potions of mutation {unknown}
 o - a potion of might {unknown}
 p - a potion of invisibility {unknown}
 r - a potion of haste
 s - 3 potions of brilliance {unknown}
 z - 2 potions of degeneration {unknown}
 C - a potion of resistance
 I - a potion of attraction


   Skills:
 + Level 8.5 Fighting
 + Level 13.1 Axes
 + Level 7.7 Armour
 + Level 5.2 Dodging
 + Level 1.1 Stealth
 + Level 11.2 Shields
 + Level 0.1 Unarmed Combat


You had 10 spell levels left.
You didn't know any spells.
Your spell library was empty.

Dungeon Overview and Level Annotations

Branches:
Dungeon (10/15)            Temple (0/1) D:4            Lair (0/6) D:9
    Orc: D:9-12

Altars:
Ashenzari
Cheibriados
Elyvilon
Hepliaklqana
Qazlal
Ru
Sif Muna
Trog
Vehumet
Wu Jian

Shops:
D:1 :   D:7 ?   D:9 [

Annotations:
D:7 2 runed translucent doors, pokeman's ghost, novice DEWz


Innate Abilities, Weirdness & Mutations

You have a pair of horns on your head.
You reflexively headbutt those who attack you in melee.


Message History

The salamander changes into a death drake!
You slice the death drake!!
You headbutt the death drake, but do no damage.
The death drake is heavily wounded.
The death drake breathes miasma at you. The foul vapour misses you.
You slash the death drake! You headbutt the death drake.
The death drake is severely wounded.
You are engulfed in dark miasma.
You are poisoned.
You feel as though you will be slow longer.
You feel very sick. You block the death drake's attack. x2
You closely miss the death drake.
The death drake is severely wounded.
You are engulfed in dark miasma.
You are more poisoned.
Your skin stops crawling.
You feel less strong-willed.
You feel extremely sick.
The death drake bites you but does no damage. x2
You block the death drake's attack.
You hit the death drake.
The death drake is severely wounded.
You feel extremely sick. The death drake breathes miasma at you.
The foul vapour engulfs you!
You are more poisoned.
You block the death drake's attack.
Your skin crawls.
You feel strong-willed.
You are engulfed in dark miasma.
You are lethally poisoned!
* * * LOW HITPOINT WARNING * * *
x2 You feel extremely sick.
The death drake breathes miasma at you. The foul vapour misses you.
You block the death drake's attack.
You feel much better.
You are engulfed in dark miasma.
You are more poisoned.
* * * LOW HITPOINT WARNING * * *
You die...

.#.......## #...#
....##....# #...#
...####...## #...## ..##
##...## ##...#
..#######...## #...# ..
.............###...##
...#
#########.....##....#...#
.. ♣..#.............# ♣
....♣#.#...k@.....##
P.P.. #...........## .♣..
#............# .P.
#.#..........# ...
#...............
#.[..............
..................
................


You could see a death drake shaped shifter (summoned, catching breath).

Vanquished Creatures
  2 two-headed ogres (D:9)
  Pikel (D:6)
  An orc knight (D:10)
  Psyche (D:9)
  A komodo dragon (D:9)
  A troll (D:10)
  Grinder (D:3)
  A vampire (D:9)
  A wraith (D:7)
  7 yaks (D:6)
  A wyvern (D:7)
  Eustachio (D:6)
  2 steam dragons
  2 vampire mosquitoes (D:8)
  Edmund (D:6)
  An acid dragon (D:9)
  3 water moccasins
  A sky beast (D:8)
  3 orc warriors
  A necrophage (D:5)
  3 black bears
  4 centaurs
  4 lemures (D:6)
  A kobold brigand (D:9)
  2 scorpions
  2 bullfrogs
  A water moccasin zombie (D:7)
  2 killer bees (D:9)
  A wight (D:6)
  6 howler monkeys
  A centaur zombie (D:7)
  A bullfrog zombie (D:5)
  3 hounds
  2 orc priests
  3 centaur skeletons
  A scorpion zombie (D:5)
  An iguana (D:6)
  6 orc wizards
  3 killer bee zombies
  A hound skeleton (D:4)
  A howler monkey zombie (D:9)
  7 gnolls
  8 adders
  A howler monkey skeleton (D:7)
  A shadow imp (D:8)
  2 white imps
  An adder skeleton (D:5)
  5 worms
  3 dart slugs
  32 orcs
  6 ball pythons
  9 endoplasms
  2 giant cockroaches
  9 goblins
  8 hobgoblins
  11 jackals
  5 quokkas
  4 bats
  3 frilled lizards
  10 kobolds
  3 rats
  A spectral kobold (D:3)
213 creatures vanquished.

Vanquished Creatures (collateral kills)
  A boulder beetle (D:9)
  Erica (D:9)
  Maurice (D:9)
  An orc warrior (D:9)
  A gnoll sergeant (D:9)
  A killer bee (D:9)
  A gnoll (D:9)
  2 orcs (D:9)
9 creatures vanquished.

Vanquished Creatures (others)
  An orc (D:6)
  2 plants (D:9)
3 creatures vanquished.

Grand Total: 225 creatures vanquished

Notes
Turn   | Place    | Note
-------+----------+-------------------------------------------
     0 | D:1      | robertstho the Minotaur Berserker began the quest for the
                  | Orb.
     0 | D:1      | Reached XP level 1. HP: 19/19 MP: 0/0
    49 | D:1      | Reached skill level 4 in Axes
    49 | D:1      | Reached XP level 2. HP: 21/27 MP: 1/1
   183 | D:1      | Found Gumi's Book Emporium.
   234 | D:1      | Found a faded altar of an unknown god.
   981 | D:2      | Reached XP level 3. HP: 21/33 MP: 2/2
  2242 | D:2      | Reached XP level 4. HP: 41/41 MP: 3/3
  2344 | D:3      | Found a snail-covered altar of Cheibriados.
  2437 | D:3      | Reached ** piety under Trog
  2445 | D:3      | Reached skill level 5 in Axes
  2626 | D:3      | Reached skill level 1 in Shields
  2636 | D:3      | Reached XP level 5. HP: 46/47 MP: 4/4
  2883 | D:3      | Noticed Grinder
  2888 | D:3      | Paralysed by Grinder for 7 turns
  2916 | D:3      | Killed Grinder
  2917 | D:3      | Reached skill level 6 in Axes
  2917 | D:3      | Reached XP level 6. HP: 32/55 MP: 5/5
  3509 | D:3      | Found a hazy altar of Hepliaklqana.
  3555 | D:4      | Found the +27 Lear's hauberk
  3567 | D:4      | Reached skill level 5 in Fighting
  3664 | D:4      | Reached XP level 7. HP: 61/61 MP: 6/6
  3919 | D:4      | Found a broken altar of Ashenzari.
  3920 | D:4      | Found a sacrificial altar of Ru.
  3921 | D:4      | Found a shimmering blue altar of Sif Muna.
  3921 | D:4      | Found a white marble altar of Elyvilon.
  3925 | D:4      | Reached *** piety under Trog
  4180 | D:4      | Found a staircase to the Ecumenical Temple.
  4349 | D:5      | Entered Level 5 of the Dungeon
  4371 | D:5      | Reached skill level 7 in Axes
  4824 | D:5      | Reached skill level 8 in Axes
  5036 | D:6      | Reached XP level 8. HP: 29/69 MP: 7/7
  5036 | D:6      | Noticed Eustachio
  5066 | D:6      | Killed Eustachio
  5067 | D:6      | Reached skill level 5 in Shields
  5193 | D:6      | Reached skill level 1 in Stealth
  5220 | D:6      | Noticed Pikel
  5233 | D:6      | Killed Pikel
  5234 | D:6      | Reached skill level 9 in Axes
  5234 | D:6      | Reached skill level 5 in Armour
  5523 | D:6      | Reached XP level 9. HP: 60/78 MP: 8/8
  5888 | D:6      | Reached skill level 10 in Axes
  5892 | D:6      | Noticed Edmund
  5893 | D:6      | Reached **** piety under Trog
  5904 | D:6      | Killed Edmund
  6062 | D:7      | Reached skill level 11 in Axes
  6232 | D:7      | Found Yfomeg's Magic Scroll Boutique.
  6240 | D:7      | Bought a scroll of identify for 28 gold pieces
  6240 | D:7      | Bought a scroll of identify for 28 gold pieces
  6240 | D:7      | Bought a scroll of magic mapping for 49 gold pieces
  6240 | D:7      | Bought a scroll of silence for 105 gold pieces
  6240 | D:7      | Bought a scroll of immolation for 49 gold pieces
  6336 | D:7      | Found a large runed translucent door.
  6336 | D:7      | Found a large runed translucent door.
  6338 | D:7      | Noticed pokeman's ghost (novice DEWz)
  6593 | D:7      | Reached XP level 10. HP: 86/86 MP: 9/9
  6599 | D:7      | Found a radiant altar of Vehumet.
  7052 | D:8      | Found a stormy altar of Qazlal.
  7635 | D:9      | Reached ***** piety under Trog
  7644 | D:9      | Noticed Maurice
  7647 | D:9      | Found a staircase to the Lair.
  7688 | D:9      | Reached skill level 12 in Axes
  7909 | D:9      | Killed Maurice
  7910 | D:9      | Reached skill level 10 in Shields
  7914 | D:9      | Noticed a two-headed ogre
  7920 | D:9      | Killed a two-headed ogre
  7944 | D:9      | Reached skill level 5 in Dodging
  7973 | D:9      | Noticed a two-headed ogre
  7986 | D:9      | Killed a two-headed ogre
  8162 | D:9      | Found Atwum's Armour Shoppe.
  8231 | D:9      | Noticed a boulder beetle
  8251 | D:9      | Killed a boulder beetle
  8252 | D:9      | Reached XP level 11. HP: 58/94 MP: 10/10
  8254 | D:9      | Noticed Erica
  8257 | D:9      | Killed Erica
  8263 | D:9      | Found a bloodstained altar of Trog.
  8342 | D:9      | Noticed Psyche
  8348 | D:9      | Killed Psyche
  8437 | D:9      | Found an ornate altar of the Wu Jian Council.
  8588 | D:10     | Entered Level 10 of the Dungeon
  8818 | D:10     | Reached skill level 13 in Axes
  8825 | D:10     | Noticed a boulder beetle
  8826 | D:10     | Noticed an ogre mage
  8827 | D:10     | Noticed an orc knight
  8828 | D:10     | Noticed a wolf spider
  8829 | D:10     | Noticed a rakshasa
  8841 | D:10     | Killed an orc knight
  8841 | D:10     | Noticed a boulder beetle
  8863 | D:10     | Noticed a death drake
  8863 | D:10     | a salamander changed into a death drake
  8868 | D:10     | HP: 3/95 [poisoned by a death drake (dark miasma)]
  8869 | D:10     | Succumbed to a death drake's dark miasma

Illustrated notes

Levels and vault maps discovered:
D:1:      onia_arrival_pentagram, layout_rooms, serial_shops,
          nicolae_shop_stone, hellmonk_ecumenical_altar_pennies_from_heaven,
          minmay_misc_feat_rows
D:2:      minmay_general_purpose_star, layout_loops_corners
D:3:      layout_loops_ring, nicolae_hepliaklqana_monster_ancestors,
          cheibriados_altar_1, guppyfry_early_orc_mine, uniq_grinder
D:4:      layout_gridville, chequers_temple_overflow_statue_of_worship,
          temple_hall
D:5:      layout_loops_ring, nicolae_zen_rock_garden, kennysheep_generic_room_9
D:6:      minmay_diamond_boxcup, layout_basic, chequers_serial_rivers_small_a,
          uniq_eustachio, uniq_pikel, uniq_edmund
D:7:      layout_gridville, old_standard_altar, serial_shops,
          nicolae_stop_n_shop_2, ebering_ghost_disaster_area, eino_tiny_chamber,
          grunt_ministairs_5
D:8:      layout_cave_pools, lemuel_round_altar, minmay_puff
D:9:      layout_rooms, lemuel_round_altar, pdpol_wu_jian_five_deadly_venoms,
          david_lair_shrubbed, serial_shops, nicolae_shop_trees, uniq_psyche,
          uniq_maurice, uniq_erica
D:10:     minmay_the_grid_triangle_9x9_recursive_2_mashed
          [minmay_the_grid_triangle_9x9_prize_special,
          minmay_the_grid_triangle_9x9_from_above,
          minmay_the_grid_triangle_9x9_shrine,
          minmay_the_grid_triangle_9x9_intruding_spiral], layout_layer_cave,
          nicolae_shop_sticking_my_neck_out

Skill      XL: |  1  2  3  4  5  6  7  8  9 10 11 |
---------------+----------------------------------+-----
Axes           | 4 5 6 8 9 11 12 13 | 13.1
Fighting       | 4 5 6 7 8 |  8.5
Shields        | 1 2 3 4 6 8 11 | 11.2
Dodging        | 3 4 5 |  5.2
Armour         | 3 4 5 7 |  7.7
Stealth        | 1 |  1.1
Unarmed Combat | |  0.1

Action                   |  1- 3 |  4- 6 |  7- 9 | 10-12 || total
-------------------------+-------+-------+-------+-------++-------
Melee: Hand axe          |    26 |       |       |       ||    26
       Headbutt          |    12 |    19 |    51 |    54 ||   136
       War axe           |    48 |   108 |   235 |   213 ||   604
       Unarmed           |       |       |       |     2 ||     2
Invok: Berserk           |     2 |     2 |     2 |     4 ||    10
       Trog's Hand       |       |       |     1 |     4 ||     5
       Brothers in Arms  |       |       |       |     3 ||     3
  Use: Scroll            |     3 |       |     4 |     4 ||    11
       Potion            |       |       |       |     2 ||     2
 Stab: Sleeping          |     1 |       |       |       ||     1
Armor: Animal skin       |    16 |     2 |       |       ||    18
       Scale mail        |       |    27 |       |       ||    27
       Chain mail        |       |     1 |   150 |   129 ||   280
Dodge: Dodged            |    35 |    35 |    69 |    58 ||   197
Block: Tower shield      |    34 |    97 |   239 |   201 ||   571

Table legend: (Time is in decaauts)
 A = Elapsed time spent in this place.
 B = Non-inter-level travel time spent in this place.
 C = Inter-level travel time spent in this place.
 D = Time resting spent in this place.
 E = Time spent auto-exploring this place.
 F = Levels seen in this place.
 G = Mean time per level.
                   A        B        C        D        E       F      G
               +--------+--------+--------+--------+--------+-----+--------+
         Total |   9224 |   8974 |    250 |    450 |   6773 |  10 |  922.4 |
       Dungeon |   9224 |   8974 |    250 |    450 |   6773 |  10 |  922.4 |
               +--------+--------+--------+--------+--------+-----+--------+

Top non-repeatable levels by time:
     D:2: 1487 daAuts
     D:3: 1282 daAuts
     D:6: 1109 daAuts
     D:9: 1012 daAuts
     D:1: 925 daAuts
     D:7: 921 daAuts
     D:4: 825 daAuts
     D:5: 695 daAuts
     D:8: 671 daAuts
    D:10: 292 daAuts
